 Dungeon Crawl Stone Soup version 0.15-a0-1549-gb42009b (webtiles) character file.

69 Charly the Digger (level 4, 0/24 HPs)
             Began as a Gargoyle Earth Elementalist on June 17, 2014.
             Killed from afar by Crazy Yiuf (10 damage)
             ... with a wand of magic darts
             ... on Level 2 of the Dungeon.
             The game lasted 00:27:36 (1773 turns).

Charly the Digger (Gargoyle Earth Elementalist)     Turns: 1773, Time: 00:27:36

HP   0/24        AC 11     Str 11      XL: 4   Next: 20%
MP  16/18        EV 12     Int 17      God:
Gold 76          SH  0     Dex 10      Spells:  3 memorised,  3 levels left

rFire  . . .     SeeInvis .     a - +0 mace
rCold  . . .     Clarity  .     m - +2 robe
rNeg   + . .     rCorr    .     (no shield)
rPois  +         rRot     +     h - +0 helmet
rElec  +         Spirit   .     (no cloak)
SustAb .         Warding  .     (no gloves)
rMut   .         Stasis   .     (no boots)
Gourm  .                        (no amulet)
MR     .....                    (no ring)
                                p - ring of magical power

@: stone skin, not resistant to hostile enchantments, unstealthy
A: life protection 1, electricity resistance, unbreathing, petrification
resistance, rot immunity, AC +3
a: no special abilities


You were on level 2 of the Dungeon.
You were not hungry.

You visited 1 branch of the dungeon, and saw 2 of its levels.

You collected 76 gold pieces.

Inventory:

Hand weapons
 a - a +0 mace (weapon)
Missiles
 b - 47 stones (quivered)
 l - 11 poisoned needles
Armour
 h - a +0 helmet (worn)
 m - a +2 robe (worn)
Comestibles
 c - 2 bread rations
Scrolls
 e - 2 scrolls of remove curse
Jewellery
 p - a ring of magical power (left hand)
Potions
 f - 2 potions of heal wounds
 g - a potion of haste {unknown}
 i - a potion of curing
 j - a potion of lignification
 k - a potion of agility {unknown}
Books
 d - a book of Geomancy

   Spells                             Type                      Level
   *Sandblast                         Earth                        1
   *Stoneskin                         Transmutation/Earth          2
   Passwall                           Transmutation/Earth          3
   *Stone Arrow                       Conjuration/Earth            3
   Petrify                            Transmutation/Earth          4
   Lee's Rapid Deconstruction         Earth                        5


   Skills:
 - Level 1.5 Dodging
 - Level 2.1 Stealth
 + Level 3.1 Spellcasting
 * Level 1.0 Conjurations
 - Level 0.7 Transmutations
 + Level 4.7 Earth Magic


You had 3 spell levels left.
You knew the following spells:

 Your Spells              Type           Power        Failure   Level  Hunger
a - Stone Arrow           Conj/Erth      ##....       17%         3    ###....
b - Sandblast             Erth           ###...       2%          1    None
s - Stoneskin             Trmt/Erth      ##........   10%         2    ##.....


Dungeon Overview and Level Annotations

Branches:
Dungeon (2/15)

Altars:
Fedhas
Okawaru

Annotations:
D:2 Crazy Yiuf


Innate Abilities, Weirdness & Mutations

You are resistant to torment.
You are immune to poison.
Your stone body is very resilient (AC +3).
You resist negative energy.
You are resistant to electric shocks.
You can survive without breathing.
You are immune to petrification.
You are immune to rotting.


Message History

Casting: Sandblast
Confirm with . or Enter, or press ? or * to list all spells.
Your skin hardens.
Crazy Yiuf shouts!
Crazy Yiuf glowers.
Crazy Yiuf zaps a wand.
The magic dart hits you!
Casting: Stoneskin
Confirm with . or Enter, or press ? or * to list all spells.
Okay, then.
Throwing (i - inventory):
b - 48 stones (quivered)
Press: ? - help, Shift-Dir - straight line, f - Crazy Yiuf
Aim: Crazy Yiuf, wielding a quarterstaff of chaos, wearing a cloak and carrying a wand of magic darts {zapped: 1} You throw a stone.
The stone closely misses Crazy Yiuf.
Casting: Stoneskin
Confirm with . or Enter, or press ? or * to list all spells.
Your skin feels harder.
Crazy Yiuf zaps a wand.
The magic dart hits you!
Crazy Yiuf zaps a wand.
The magic dart hits you!
Crazy Yiuf zaps a wand.
The magic dart hits you!
Crazy Yiuf zaps a wand.
The magic dart hits you!
You die...

###......####.#%........#
#.'......# #...P.P.....#
####.#......#
#.+.._......#
>....#......#
###.P.P.....#
######......#
###.........# # #......#
#...........# ##'#####
#.########'## #.# #.# #.#
#.# #@# #.## #.# #.# #..#
#.# #.# ##.# #.# ##.##
#.# #######.# #...# #.#
......#.# ##..## #.#
.#...##.# #....# #.##
........# ♣....♣ #..#
.#...#..# ♣.g.♣♣ ##.#


You could see Crazy Yiuf.

Vanquished Creatures
  3 adders (D:2)
  A ball python (D:1)
  3 giant cockroaches
  7 hobgoblins
  6 jackals (D:1)
  3 kobolds
  7 bats
  A giant gecko (D:2)
  2 giant newts (D:1)
  4 goblins
  3 rats
40 creatures vanquished.

Notes
Turn   | Place    | Note
--------------------------------------------------------------
     0 | D:1      | Charly, the Gargoyle Earth Elementalist, began the quest for the Orb.
     0 | D:1      | Reached XP level 1. HP: 10/10 MP: 3/3
   203 | D:1      | Reached XP level 2. HP: 15/15 MP: 2/4
   228 | D:1      | Learned a level 2 spell: Stoneskin
   368 | D:1      | Reached skill level 4 in Earth Magic
   800 | D:1      | Reached XP level 3. HP: 19/19 MP: 6/6
  1157 | D:2      | Learned a level 3 spell: Stone Arrow
  1169 | D:2      | Found an iron altar of Okawaru.
  1351 | D:2      | Reached skill level 1 in Conjurations
  1424 | D:2      | Reached XP level 4. HP: 24/24 MP: 9/9
  1599 | D:2      | Found a blossoming altar of Fedhas.
  1757 | D:2      | Noticed Crazy Yiuf
  1773 | D:2      | Killed from afar by Crazy Yiuf

Action                   |  1- 3 |  4- 6 || total
-------------------------+-------+-------++-------
Melee: Unarmed           |    17 |       ||    17
Throw: Stone             |    24 |     4 ||    28
 Cast: Sandblast         |    72 |    12 ||    84
       Stoneskin         |     1 |     2 ||     3
  Use: Scroll            |     7 |     1 ||     8
